 Dungeon Crawl Stone Soup version 0.30-a0-424-g7412bad402 (webtiles) character file.

Game seed: 10620098921742723041

1829 SPOOX the Dealer of Despair (level 8, 0/59 (60) HPs)
             Began as a Vampire Necromancer on Dec 10, 2022.
             Was an Elder of Kikubaaqudgha.
             Slain by an orc
             ... wielding a +0 club
              (3 damage)
             ... on level 5 of the Dungeon.
             The game lasted 00:57:08 (4358 turns).

SPOOX the Dealer of Despair (Vampire Necromancer)   Turns: 4358, Time: 00:57:09

HP:   0/59 (60)     AC: 11    Str:  7    XL:     8   Next: 86%
MP:   14/14         EV: 11    Int: 19    God:    Kikubaaqudgha [****..]
Gold: 329           SH:  0    Dex: 15    Spells: 9/15 levels left

rFire   . . .      SeeInvis +    c - +0 falchion (vamp)
rCold   . . .      Faith    .    (no shield)
rNeg    . . .      Spirit   .    v - +2 ring mail {rPois}
rPois   +          Reflect  .    (no helmet)
rElec   .          Harm     .    l - +2 cloak
rCorr   .          Rampage  .    m - +0 pair of gloves
Will    .....                    (no boots)
Stlth   ++........               j - amulet of magic regeneration
HPRegen 0.49/turn                (no ring)
MPRegen 0.54/turn                (no ring)

@: healing quickly, lightly drained
A: alive, fangs 3, see invisible, vampiric 2
a: Exsanguinate, Renounce Religion, Unearth Wretches


You were on level 5 of the Dungeon.
You worshipped Kikubaaqudgha.
Kikubaaqudgha was greatly pleased with you.
You visited 1 branch of the dungeon, and saw 5 of its levels.
You also visited: Sewer.

You collected 329 gold pieces.

Inventory:

Hand Weapons
 c - a +0 vampiric falchion (weapon)
Missiles
 y - 6 poisoned darts
 C - 2 throwing nets
Armour
 l - a +2 cloak (worn)
 m - a +0 pair of gloves (worn)
 t - a +1 robe of fire resistance
 v - a +2 ring mail of poison resistance (worn)
Magical Staves
 s - a staff of poison
 A - a staff of death
Jewellery
 j - an amulet of magic regeneration (around neck)
 x - an amulet of the acrobat
Wands
 E - a wand of flame (18)
Scrolls
 e - a scroll of torment {unknown}
 f - 2 scrolls of vulnerability {unknown}
 h - 2 scrolls of fear {unknown}
 k - a scroll of teleportation
 n - a scroll of enchant armour {unknown}
 o - 2 scrolls of poison {unknown}
 r - a scroll of amnesia {unknown}
 z - 2 scrolls of enchant weapon {unknown}
 D - a scroll of acquirement {unknown}
Potions
 a - 2 potions of brilliance {unknown}
 b - 2 potions of magic
 d - a potion of cancellation {unknown}
 g - 2 potions of resistance {unknown}
 i - 7 potions of curing
 p - a potion of attraction {unknown}
 q - 2 potions of might {unknown}
 u - a potion of mutation {unknown}
 w - a potion of flight {unknown}
Miscellaneous
 B - a tin of tremorstones (2/2)


   Skills:
 + Level 3.8 Fighting
 * Level 4.0 Long Blades
 + Level 3.0 Armour
 + Level 5.2 Dodging
 - Level 3.0 Stealth
 + Level 4.3 Spellcasting
 * Level 8.2 Necromancy


You had 9 spell levels left.
You knew the following spells:

 Your Spells              Type           Power      Damage    Failure   Level
a - Necrotise             Necr           100%       1d9       1%          1
b - Kiss of Death         Conj/Necr      76%        2d11      8%          1
c - Animate Dead          Necr           35%        N/A       14%         4

Your spell library contained the following spells:

 Spells                   Type           Power      Damage    Failure   Level
 Vampiric Draining        Necr           35%        2d8       4%          3
 Agony                    Necr           35%        N/A       36%         5
 Anguish                  Hex/Necr       9%         N/A       61%         4
 Borgnjor's Vile Clutch   Necr/Erth      9%         N/A       91%         5
 Death Channel            Necr           17%        N/A       91%         6
 Simulacrum               Ice/Necr       9%         N/A       100%        6


Dungeon Overview and Level Annotations

Branches:
Dungeon (5/15)              Sewer (visited)
 Temple: D:4-7

Altars:
Dithmenos
Kikubaaqudgha
Nemelex Xobeh
Uskayaw

Annotations:
D:5 ouz's ghost, novice KoBr


Innate Abilities, Weirdness & Mutations

Your natural rate of healing is accelerated.
You have razor-sharp teeth.
You have supernaturally acute eyesight. (SInv)
You are afflicted with vampirism and can become a bat while bloodless.


Message History

Ouz's ghost attacks as you move away!
Ouz's ghost hits you but does no damage.
You are electrocuted!!
* * * LOW HITPOINT WARNING * * *
The orc hits you but does no damage. The orc completely misses you.
The orc hits you but does no damage. Ouz's ghost attacks as you move away!
Ouz's ghost hits you.
* * * LOW HITPOINT WARNING * * *
The orc attacks as you move away! The orc closely misses you.
The orc barely misses you.
You barely miss the orc. The orc barely misses you. The orc closely misses you.
You hit the orc but do no damage. You bite the orc, but do no damage.
The orc barely misses you. x2
You barely miss the orc.
Ouz's ghost hits you but does no damage.
The orc closely misses you.
Casting: Necrotise (safe; 1% risk of failure)
Confirm with . or Enter, or press ? or * to list all spells.
Aiming: Necrotise (safe; 1% risk of failure)
Press: ? - help, Shift-Dir - straight line, f - orc
Aim: an orc, wielding a +0 club and wearing a +2 leather armour of positive energy (chance to affect: 93%)
The orc writhes in agony.
The orc closely misses you.
Ouz's ghost hits you but does no damage.
You are electrocuted!
* * * LOW HITPOINT WARNING * * *
The orc hits you but does no damage. x2
Casting: Necrotise (safe; 1% risk of failure)
Confirm with . or Enter, or press ? or * to list all spells.
Aiming: Kiss of Death (safe; 8% risk of failure)
Press: ? - help, Shift-Dir - straight line, f - orc, p - orc
Aim: an orc, wielding a +0 flail and wearing a +0 plate armour (100% to hit)
Okay, then.
The orc attacks as you move away! The orc hits you but does no damage.
The orc misses you. The orc attacks as you move away!
The orc hits you but does no damage. The orc attacks as you move away!
The orc barely misses you. The orc attacks as you move away!
The orc hits you but does no damage. The orc attacks as you move away!
The orc hits you with a +0 club.
You die...
Kikubaaqudgha rasps: "You have failed me!
Welcome... death!"

.........#.........).............
......................###.......#
...........................###...
...................##........##..
......).......##....#...#....##..
#.............###............##..
#...........(...oWo..............
...........##.###o...##..........
.....##.........@o...#...........
#.................##....##.#.....
..................#.......)##....
............................#....
...................##............
.................#.##............
<##..............#.##...)........
.###.............................
####...........##..##.....)...##.


You could see ouz's ghost and 3 orcs.

Vanquished Creatures
  Pikel (D:4)
  Grinder (D:5)
  Sigmund (D:4)
  An ogre (D:5)
  A phantom (D:5)
  2 bullfrogs (Sewer)
  3 hounds
  A jelly (D:4)
  2 orc priests (D:5)
  2 gnoll boudas (D:5)
  2 iguanas
  Robin (D:2)
  14 gnolls
  3 adders
  2 ufetubi
  2 worms
  4 dart slugs
  16 orcs
  12 ball pythons
  10 endoplasms
  12 giant cockroaches
  11 goblins
  6 hobgoblins
  10 jackals
  10 quokkas
  8 bats
  14 frilled lizards
  4 kobolds
  5 rats
161 creatures vanquished.

Vanquished Creatures (collateral kills)
  A scorpion (D:5)
  2 gnolls (D:3)
  4 endoplasms
  2 goblins (D:2)
  A hobgoblin (D:1)
  A frilled lizard (Sewer)
11 creatures vanquished.

Grand Total: 172 creatures vanquished

Notes
Turn   | Place    | Note
-------+----------+-------------------------------------------
     0 | D:1      | SPOOX the Vampire Necromancer began the quest for the Orb.
     0 | D:1      | Reached XP level 1. HP: 13/13 MP: 3/3
   148 | D:1      | Reached XP level 2. HP: 20/20 MP: 5/5
   412 | D:1      | Gained mutation: You are afflicted with vampirism and can
                  | become a bat while bloodless. [Vampire growth]
   412 | D:1      | Reached XP level 3. HP: 25/25 MP: 1/6
   719 | D:2      | Noticed Robin
   744 | D:2      | Killed Robin
   745 | D:2      | Reached skill level 1 in Fighting
   745 | D:2      | Reached skill level 1 in Long Blades
   745 | D:2      | Reached skill level 5 in Necromancy
   901 | D:2      | Reached XP level 4. HP: 32/32 MP: 5/7
  1005 | D:2      | Found a faded altar of an unknown god.
  1007 | D:2      | Prayed at the altar of an unknown god.
  1007 | D:2      | Became a worshipper of Kikubaaqudgha
  1007 | D:2      | Reached * piety under Kikubaaqudgha
  1007 | D:2      | Received a gift from Kikubaaqudgha
  1010 | D:2      | Learned a level 1 spell: Kiss of Death
  1015 | D:2      | Learned a level 4 spell: Animate Dead
  1687 | D:3      | Reached XP level 5. HP: 29/37 MP: 5/8
  1737 | D:3      | Reached ** piety under Kikubaaqudgha
  2191 | D:4      | Noticed Pikel
  2191 | D:4      | Noticed a lemure
  2191 | D:4      | Noticed a lemure
  2191 | D:4      | Noticed a lemure
  2191 | D:4      | Noticed a lemure
  2378 | D:4      | Killed Pikel
  2379 | D:4      | Reached skill level 1 in Armour
  2379 | D:4      | Reached skill level 6 in Necromancy
  2379 | D:4      | Reached XP level 6. HP: 38/46 MP: 9/11
  2379 | D:4      | Reached XP level 7. HP: 43/51 MP: 9/12
  2596 | D:4      | Noticed Sigmund
  2600 | D:4      | Killed Sigmund
  2601 | D:4      | Reached skill level 7 in Necromancy
  2691 | D:4      | Found a shadowy altar of Dithmenos.
  2716 | D:4      | Found a sparkling altar of Nemelex Xobeh.
  2746 | D:4      | Found a glowing drain.
  2754 | Sewer    | Entered a sewer
  2860 | Sewer    | Reached *** piety under Kikubaaqudgha
  2860 | Sewer    | Received a gift from Kikubaaqudgha
  3084 | Sewer    | Reached XP level 8. HP: 44/58 MP: 13/13
  3249 | D:5      | Entered Level 5 of the Dungeon
  3250 | D:5      | Found a hide-covered altar of Uskayaw.
  3331 | D:5      | Noticed Grinder
  3340 | D:5      | Paralysed by Grinder for 3 turns
  3363 | D:5      | Found an ancient bone altar of Kikubaaqudgha.
  3397 | D:5      | Paralysed by Grinder for 2 turns
  3421 | D:5      | Killed Grinder
  3438 | D:5      | Reached skill level 5 in Dodging
  3599 | D:5      | Reached skill level 8 in Necromancy
  3959 | D:5      | Found a runed translucent gate.
  3963 | D:5      | Found a runed translucent gate.
  3963 | D:5      | Identified the +9 whip "Haptafel" {drain, rF++}
  3965 | D:5      | Found a runed translucent gate.
  3968 | D:5      | Noticed ouz's ghost (novice KoBr)
  4304 | D:5      | Reached **** piety under Kikubaaqudgha
  4353 | D:5      | HP: 1/59 [ouz's ghost (13)]
  4358 | D:5      | Slain by an orc

Illustrated notes

Levels and vault maps discovered:
D:1:      kennysheep_arrival_forest, layout_rooms
D:2:      layout_basic, chequers_ecumenical_altar_twisty, uniq_robin
D:3:      layout_basic
D:4:      layout_rooms, nemelex_diamond_rough_becter,
          mainiacjoe_overflow_alcove_4, gup_sewer_entry_bowl, uniq_sigmund,
          uniq_pikel
D:5:      layout_cave_pools, nicolae_uskayaw_murder_on_the_dancefloor,
          mainiacjoe_overflow_tiny_flanked, biasface_ghost_orc_armoury,
          uniq_grinder

Skill      XL: |  1  2  3  4  5  6  7  8 |
---------------+-------------------------+-----
Fighting       | 1 2 3 |  3.8
Long Blades    | 1 2 3 4 |  4.0
Necromancy     | 5 6 7 8 |  8.2
Dodging        | 3 4 5 |  5.2
Armour         | 1 2 3 |  3.0
Spellcasting   | 3 4 |  4.3
Stealth        | |  3.0

Action                   |  1- 3 |  4- 6 |  7- 9 || total
-------------------------+-------+-------+-------++-------
Melee: Falchion          |    16 |    68 |   291 ||   375
       Bite              |     1 |     7 |    20 ||    28
       Staff             |       |       |     3 ||     3
       Punch             |       |       |     2 ||     2
 Cast: Necrotise         |    55 |    76 |    85 ||   216
       Kiss of Death     |       |     1 |       ||     1
Evoke: Wand              |       |       |     5 ||     5
  Use: Scroll            |       |     4 |     4 ||     8
       Potion            |       |     2 |       ||     2
 Stab: Distracted        |       |       |     1 ||     1
Armor: Robe              |     5 |    16 |       ||    21
       Ring mail         |       |    25 |   230 ||   255
       Skin              |       |     3 |       ||     3
Dodge: Dodged            |    21 |    68 |   292 ||   381

Table legend: (Time is in decaauts)
 A = Elapsed time spent in this place.
 B = Non-inter-level travel time spent in this place.
 C = Inter-level travel time spent in this place.
 D = Time resting spent in this place.
 E = Time spent auto-exploring this place.
 F = Levels seen in this place.
 G = Mean time per level.
                   A        B        C        D        E       F      G
               +--------+--------+--------+--------+--------+-----+--------+
         Total |   4486 |   4403 |     83 |    240 |   2284 |   6 |  747.7 |
       Dungeon |   3926 |   3843 |     83 |    240 |   2151 |   5 |  785.2 |
         Sewer |    560 |    560 |      0 |      0 |    132 |   1 |  560.0 |
               +--------+--------+--------+--------+--------+-----+--------+

Top non-repeatable levels by time:
     D:5: 1123 daAuts
     D:2: 903 daAuts
     D:3: 680 daAuts
     D:1: 658 daAuts
   Sewer: 560 daAuts
     D:4: 559 daAuts
